 Dungeon Crawl Stone Soup version 0.30.1-9-gdf580d7c3d (webtiles) character file.

Game seed: 2594441587027680779

109 VictorL the Conjurer (level 5, -8/36 HPs)
             Began as a Human Conjurer on Sept 24, 2023.
             Killed from afar by an orc wizard (10 damage)
             ... with a magic dart
             ... on level 3 of the Dungeon on Sept 25, 2023.
             The game lasted 01:04:41 (2906 turns).

VictorL the Conjurer (Human Conjurer)               Turns: 2906, Time: 01:04:42

Health: -8/36      AC:  2    Str:  7    XL:     5   Next: 13%
Magic:  3/8        EV: 12    Int: 20    God:
Gold:   90         SH:  0    Dex: 12    Spells: 1/9 levels left

rFire   . . .        f - +2 mace (protect)
rCold   . . .        (no shield)
rNeg    . . .        t - +0 robe
rPois   .            (no helmet)
rElec   .            (no cloak)
rCorr   .            (no gloves)
SInv    .            (no boots)
Will    .....        (no amulet)
Stlth   ++           (no ring)
HPRegen 0.26/turn    (no ring)
MPRegen 0.11/turn

%: no passive effects
@: no status effects
A: no striking features
a: no special abilities


You were on level 3 of the Dungeon.
You visited 1 branch of the dungeon, and saw 3 of its levels.

You collected 90 gold pieces.

Inventory:

Hand Weapons
 d - a +0 short sword
 f - a +2 mace of protection (weapon)
 g - a +0 dagger
 j - a +0 dagger
 n - a +0 dagger
 r - a +0 whip
 w - a +0 dagger
 y - a +0 war axe
 z - a +1 dagger of venom
 E - a +0 battleaxe
 F - a +0 morningstar
 G - a +0 short sword
 H - a +0 flail
 J - a +0 short sword
 M - a +0 battleaxe
 O - a +0 quarterstaff
Missiles
 i - an atropa-tipped dart (quivered)
 s - 5 javelins
Armour
 a - a +0 robe
 k - a +0 robe
 m - a +0 robe
 p - a +0 chain mail
 t - a +0 robe (worn)
 x - a +0 scale mail
 C - a +0 ring mail
 D - a +0 plate armour
 I - a +0 ring mail
 L - a +0 barding
Jewellery
 e - an amulet of guardian spirit
Scrolls
 h - a scroll of teleportation
 o - 2 scrolls of identify {unknown}
 q - a scroll of fog {unknown}
 v - a scroll of fear {unknown}
 B - a scroll of enchant armour {unknown}
 N - a scroll of noise {unknown}
Potions
 b - a potion of magic
 c - 2 potions of curing {unknown}
 l - 3 potions of flight {unknown}
 u - a potion of heal wounds {unknown}
 A - a potion of might {unknown}
 K - a potion of ambrosia {unknown}
 P - a potion of haste {unknown}


   Skills:
 + Level 0.5 Fighting
 + Level 0.8 Short Blades
 + Level 0.2 Maces & Flails
 + Level 0.9 Throwing
 + Level 2.4 Dodging
 + Level 2.4 Stealth
 + Level 2.5 Spellcasting
 + Level 4.9 Conjurations


You had one spell level left.
You knew the following spells:

 Your Spells              Type           Power      Damage    Failure   Level
a - Magic Dart            Conj           88%        1d7       1%          1
b - Dazzling Flash        Conj/Hex       24%        N/A       16%         3
c - Searing Ray           Conj           44%        2d6       3%          2
d - Blink                 Tloc           4%         N/A       22%         2

Your spell library contained the following spells:

 Spells                   Type           Power      Damage    Failure   Level
 Summon Guardian Golem    Hex/Summ       2%         N/A       41%         3
 Fulminant Prism          Conj/Hex       6%         3d7       47%         4
 Iskenderun's Mystic Bla  Conj/Tloc      12%        2d5       47%         4
 Manifold Assault         Tloc           2%         N/A       83%         4
 Orb of Destruction       Conj           11%        9d6       100%        7
 Spellforged Servitor     Conj/Summ      6%         N/A       100%        7
 Storm Form               Tmut/Air       1%         N/A       100%        7


Dungeon Overview and Level Annotations

Branches:
Dungeon (3/15)

Altars:
The Shining One

Annotations:
D:3 2 transporters, fedepesso's ghost, amateur HOHu


Message History

The orc wizard appears confused.
The orc wizard is heavily wounded.
The orc seems less confused.
The orc wizard seems less confused.
You closely miss the orc wizard.
The orc wizard is heavily wounded.
The orc wizard hits you with a +0 dagger.
The orc wizard gestures at you while chanting.
The puff of flame misses you.
You barely miss the orc wizard.
The orc wizard is heavily wounded.
The orc is no longer blind.
The orc wizard completely misses you.
You closely miss the orc wizard.
The orc wizard is heavily wounded.
The orc wizard is no longer blind.
The orc wizard hits you with a +0 dagger. x2
You sock the orc wizard!
Your weapon exudes an aura of protection.
The orc wizard is almost dead.
The orc wizard mumbles some strange words.
The orc wizard flickers and vanishes!
Deactivating autopickup; reactivate with Ctrl-A.
You closely miss something. Something hits you but does no damage.
Something hits you but does no damage. Something hits you.
You hear some strange, mumbled words.
A puff of flame appears from out of thin air!
The puff of flame hits you.
A puff of flame appears from out of thin air!
The puff of flame hits you!
* * * LOW HITPOINT WARNING * * *
You are confused.
A puff of flame appears from out of thin air!
The puff of flame hits you!
* * * LOW HITPOINT WARNING * * *
You bump into the rock wall.
You bump into the rock wall.
You feel less confused.
A magic dart appears from out of thin air!
The magic dart hits you!
You die...

..(.)o...#
######.###.##.#.#
#..#####.# ####### #.#
#......# #o###...<.#
#.###.###.## #.#.......#
#.....###.##
#.#.#.##..##########...#
..##.##{#........# #...#
#...........##...# #...#
#########.####...# #...#
#..o{.@.<#### #>..#
#.......###......#
#...## #.......#
#...##.######.....
#..###..#
#...##............ #.
#..###.................
#
#..#...................
...#.#..##...#####.....
...#.#.......# #..... #
#.....#.# #..†..


You could see an orc.

Vanquished Creatures
  Natasha (D:3)
  2 adders
  5 dart slugs
  7 orcs (D:3)
  5 ball pythons
  3 endoplasms
  2 giant cockroaches (D:1)
  3 goblins (D:1)
  2 hobgoblins
  8 jackals
  A quokka (D:1)
  2 bats
  A frilled lizard (D:1)
  A kobold (D:1)
  5 rats
48 creatures vanquished.

Notes
Turn   | Place    | Note
-------+----------+-------------------------------------------
     0 | D:1      | VictorL the Human Conjurer began the quest for the Orb.
     0 | D:1      | Reached XP level 1. HP: 13/13 MP: 3/3
    53 | D:1      | Noticed a golden eye
    54 | D:1      | Found a faded altar of an unknown god.
    59 | D:1      | Noticed an eye of devastation
    72 | D:1      | Noticed a golden eye
    78 | D:1      | Noticed a shining eye
   164 | D:1      | Reached XP level 2. HP: 11/19 MP: 1/5
   501 | D:1      | Reached XP level 3. HP: 24/24 MP: 4/6
   510 | D:1      | Learned a level 3 spell: Dazzling Flash
   519 | D:1      | Learned a level 2 spell: Searing Ray
   784 | D:2      | You fall into a shaft and drop 1 floor!
  1728 | D:2      | Found a glowing golden altar of the Shining One.
  2200 | D:3      | Reached XP level 4. HP: 30/30 MP: 7/7
  2571 | D:3      | Found a transporter.
  2679 | D:3      | Found a transporter.
  2681 | D:3      | Noticed fedepesso's ghost (amateur HOHu)
  2688 | D:3      | Noticed a necrophage
  2849 | D:3      | Noticed Natasha
  2856 | D:3      | Killed Natasha
  2857 | D:3      | Reached XP level 5. HP: 30/36 MP: 3/8
  2862 | D:3      | Learned a level 2 spell: Blink
  2902 | D:3      | HP: 1/36 [something/puff of flame (8)]
  2906 | D:3      | Killed from afar by an orc wizard

Illustrated notes

Levels and vault maps discovered:
D:1:      psy_arrival_statuary, layout_rooms,
          hellmonk_ecumenical_altar_watching_god
D:2:      layout_basic, basic_altar, kennysheep_generic_room_6
D:3:      layout_loops_cross, yredelemnul_altar_generic,
          gammafunk_ghost_mausoleum, uniq_natasha

Action                     |  1- 3 |  4- 6 || total
---------------------------+-------+-------++-------
  Melee: Short sword       |     9 |       ||     9
         Mace              |    30 |    30 ||    60
  Throw: Dart              |    18 |    12 ||    30
   Cast: Magic Dart        |    33 |    20 ||    53
         Searing Ray       |     5 |     2 ||     7
         Dazzling Flash    |       |     2 ||     2
    Use: Scroll            |     1 |       ||     1
   Stab: Sleeping          |     1 |       ||     1
         Invisible         |       |     2 ||     2
 Armour: Robe              |    13 |     9 ||    22
  Dodge: Dodged            |    32 |    33 ||    65
